Map: Black Site 2E

Players

Draxpin

  • Race: Terran Terran
  • Spawn Location: 11:00

White

  • Race: Terran Terran
  • Spawn Location: 9:00

Freshcat

  • Race: Terran Terran
  • Spawn Location: 12:00

MattBarry - Winner!

  • Race: Terran Terran
  • League: Gold
  • Spawn Location: 3:00

Alebay - Winner!

  • Race: Protoss Protoss
  • Spawn Location: 6:00

MattBarry - Winner!

  • Race: Zerg Zerg
  • League: Gold
  • Spawn Location: 5:00

VOD

Have the link to the VOD?

Description

Time

  • Played on: Jan. 22, 2023, 4:08 a.m.
  • Length: 13:24
Show
View Real Time Build Order
Export as new Build Order

Draxpin Terran 

Build Orders:  

Get SALT Encoding   

  12  0:01  SCV  
  13  0:15  Supply Depot  
  13  0:41  Barracks  
  13  0:54  Engineering Bay  
  13  0:59  Refinery  
  13  1:05  Refinery  
  13  1:06  SCV  
  14  1:18  SCV  
  15  1:30  SCV  
  16  1:42  SCV  
  17  1:51  Bunker  
  17  1:55  SCV  
  18  2:07  SCV  
  19  2:12  Barracks Tech Lab  
  19  2:19  SCV  
  20  2:29  Factory  
  20  2:31  SCV  
  20  2:35  Marine  
  22  2:43  SCV  
  23  2:52  Bunker  
  23  2:59  SCV  
  23  3:17  Supply Depot  
  23  3:19  Supply Depot  
  23  3:24  Orbital Command  
  23  3:34  Factory Tech Lab  
  23  3:38  Marine  
  24  3:43  Factory  
  24  3:47  Hi-Sec Auto Tracking  
  24  3:52  SCV  
  25  3:56  Marine  
  25  4:00  Stimpack  
  26  4:04  SCV  
  27  4:14  Marine  
  27  4:16  SCV  
  29  4:28  SCV  
  30  4:35  Siege Tank  
  30  4:38  Factory Reactor  
  33  4:40  SCV  
  33  4:44  Marine  
  35  4:52  SCV  
  36  5:02  Marine  
  37  5:08  SCV  
  38  5:20  Marine  
  39  5:23  Armory  
  39  5:32  Armory  
  39  5:40  Concussive Shells  
  39  6:22  Combat Shield  
  39  6:30  Terran Vehicle Weapons Level 1, Terran Vehicle And Ship Armor Level 1  
  39  6:31  Supply Depot  
  39  6:33  Supply Depot x2  
  39  6:36  Supply Depot x2  
  39  6:52  Marine, Cyclone  
  39  6:53  Widow Mine, SCV  
  29  7:10  Marine  
  29  7:18  Widow Mine x2  
  33  7:25  Cyclone  
  36  7:39  Widow Mine x2  
  40  8:00  Widow Mine  
  40  8:01  Widow Mine  
  44  8:17  Missile Turret  
  44  8:19  Missile Turret x2  
  44  8:20  Missile Turret  
  44  8:22  Missile Turret, Widow Mine x2  
  44  8:23  Missile Turret  
  44  8:25  Terran Ship Weapons Level 1  
  48  8:30  SCV  
  49  8:41  Siege Tank  
  49  8:43  Widow Mine, SCV  
  55  8:55  SCV  
  56  9:04  Terran Vehicle Weapons Level 2  
  56  9:07  SCV  
  57  9:19  SCV  
  41  10:20  Siege Tank  
  43  10:28  Missile Turret  
  22  10:47  SCV  
  23  10:52  Siege Tank  
  26  10:59  SCV  
  26  11:02  Command Center  
  26  11:03  Refinery  
  27  11:11  SCV  
  28  11:23  SCV  
  29  11:29  Refinery  
  29  11:36  SCV  
  30  11:48  SCV  
  28  11:59  Widow Mine x2  
  28  12:00  SCV  
  33  12:21  Widow Mine x2  
  6  12:42  Widow Mine  
  4  13:00  Widow Mine  
Show
View Real Time Build Order
Export as new Build Order

White Terran 

Build Orders:  

Get SALT Encoding   

  12  0:00  SCV  
  13  0:14  Supply Depot  
  13  0:18  SCV  
  14  0:30  SCV, Refinery  
  15  0:42  SCV, Refinery  
  16  0:57  Barracks  
  16  0:59  SCV  
  17  1:12  SCV  
  17  1:17  Supply Depot  
  18  1:24  SCV  
  19  1:32  Engineering Bay  
  19  1:36  SCV  
  20  1:45  Barracks Reactor  
  20  1:48  Barracks, SCV  
  21  2:00  SCV  
  22  2:10  Supply Depot  
  22  2:12  SCV  
  23  2:22  Marine  
  23  2:23  Marine  
  25  2:35  Barracks Tech Lab  
  25  2:38  Barracks  
  25  2:41  Marine x2  
  27  2:45  Terran Infantry Weapons Level 1  
  27  2:48  Orbital Command  
  27  3:04  Marine x2  
  29  3:17  Marine  
  29  3:18  Combat Shield  
  30  3:22  Marine x2  
  32  3:28  Barracks Reactor  
  32  3:31  Factory  
  32  3:35  Marine  
  32  3:40  Marine x2  
  35  3:53  Marine  
  36  3:57  Marine  
  37  4:09  Marine x2  
  39  4:10  Marine x2  
  39  4:15  Marine  
  42  4:26  Widow Mine  
  42  4:27  Marine  
  45  4:37  Stimpack  
  45  4:40  Terran Infantry Armor Level 1  
  45  4:46  Command Center  
  47  4:53  Widow Mine  
  47  5:18  Missile Turret  
  36  5:38  Missile Turret  
  27  5:53  SCV  
  28  6:01  Missile Turret  
  28  6:05  SCV  
  29  6:17  Widow Mine, SCV  
  32  6:23  SCV  
  33  6:29  SCV  
  34  6:41  SCV  
  33  6:53  Missile Turret, SCV, Widow Mine  
  36  7:04  Marine  
  36  7:05  Marine x2  
  24  7:28  Widow Mine  
  22  7:34  SCV  
  23  7:46  SCV  
  23  7:49  Widow Mine  
  24  7:58  SCV  
  24  8:10  SCV  
  25  8:14  Widow Mine  
  27  8:23  Marine  
  27  8:24  Marine x4  
  32  8:33  SCV  
  33  8:35  Widow Mine  
  35  8:41  Marine  
  35  8:45  SCV  
  35  8:46  Marine x3  
  35  8:47  Marine  
  41  8:54  SCV  
  42  8:56  Widow Mine  
  42  8:57  SCV  
  36  9:06  SCV  
  36  9:09  SCV  
  36  9:11  Missile Turret  
  36  9:18  Widow Mine  
  36  9:19  SCV  
  39  9:32  SCV  
  40  9:38  SCV  
  40  9:39  Widow Mine  
  40  9:44  SCV  
  44  9:50  Marine x3  
  44  9:51  Marine, SCV  
  44  9:52  Marine  
  50  10:01  Widow Mine  
  50  10:03  SCV  
  50  10:04  Neosteel Armor  
  53  10:15  SCV  
  54  10:23  Factory Tech Lab  
  54  10:27  SCV  
  49  10:34  Missile Turret  
  49  10:42  Siege Tank  
  52  10:45  Marine x4  
  52  10:46  Marine  
  52  10:48  SCV  
  58  10:52  Missile Turret  
  58  10:57  Missile Turret  
  58  11:00  SCV  
  59  11:12  SCV  
  60  11:24  SCV  
  60  11:25  Siege Tank  
  64  11:36  Marine x3  
  64  11:37  Marine x2  
  61  11:53  SCV  
  62  11:54  Marine x5  
  67  12:05  SCV  
  68  12:12  Marine x2  
  70  12:31  Widow Mine, Marine x5  
  70  12:32  Supply Depot  
  77  12:48  Marine x5  
  69  12:53  Widow Mine  
Show
View Real Time Build Order
Export as new Build Order

Freshcat Terran 

Build Orders:  

Get SALT Encoding   

  12  0:01  SCV  
  13  0:13  SCV  
  14  0:25  SCV  
  15  0:34  Supply Depot  
  15  0:42  Refinery  
  15  0:55  SCV  
  16  1:00  Barracks  
  16  1:08  SCV  
  17  1:20  SCV  
  17  1:25  Supply Depot  
  18  1:32  SCV  
  19  1:47  Orbital Command  
  19  1:55  Command Center  
  19  1:58  Barracks Reactor  
  19  2:00  Marine  
  20  2:06  Supply Depot  
  21  2:15  SCV  
  21  2:23  Barracks Reactor  
  21  2:31  SCV  
  21  2:32  Barracks  
  22  2:44  Barracks, SCV  
  23  3:01  Marine x2  
  23  3:05  Engineering Bay  
  25  3:07  SCV  
  26  3:17  Orbital Command  
  26  3:21  Refinery  
  26  3:23  SCV  
  26  3:25  Barracks Tech Lab  
  27  3:33  Refinery  
  27  3:36  Barracks Tech Lab  
  27  3:40  Marine x2  
  29  3:47  Stimpack  
  29  3:52  Supply Depot  
  29  3:56  Combat Shield  
  29  3:58  Marine x2  
  29  4:00  SCV  
  29  4:02  SCV  
  33  4:17  Missile Turret  
  33  4:25  Refinery  
  33  4:31  SCV  
  34  4:43  SCV  
  34  4:44  Marauder  
  34  4:45  Marine x2, Marauder  
  39  4:47  Supply Depot  
  39  4:48  Supply Depot  
  39  4:49  Terran Infantry Weapons Level 1  
  39  4:51  SCV  
  42  5:03  SCV  
  43  5:10  Factory  
  43  5:11  Marine  
  43  5:12  Marine x2  
  43  5:13  Marine  
  47  5:27  Concussive Shells  
  47  5:34  Supply Depot  
  47  5:38  Missile Turret, Marine x2  
  47  5:40  Marauder  
  47  5:41  Marauder  
  53  6:02  Marauder  
  55  6:05  Marauder  
  55  6:07  SCV  
  58  6:14  Command Center  
  58  6:16  Factory Tech Lab  
  58  6:19  SCV  
  58  6:20  Starport  
  58  6:22  Marine  
  60  6:27  Marauder  
  62  6:37  SCV  
  63  6:43  Terran Infantry Armor Level 1, Marine x2  
  63  6:44  Marauder  
  67  6:49  Marauder  
  68  7:08  Marine x2  
  53  7:49  SCV  
  54  7:55  SCV  
  55  8:01  SCV  
  56  8:07  SCV  
  57  8:13  SCV  
  57  8:19  SCV  
  59  8:22  Marine x2  
  59  8:23  Marine  
  59  8:24  Marine  
  63  8:27  Starport Reactor  
  63  8:29  Supply Depot  
  63  8:37  Starport  
  63  8:42  SCV  
  64  8:51  Missile Turret  
  64  8:54  SCV  
  65  8:57  Missile Turret  
  65  9:06  SCV  
  66  9:15  Missile Turret  
  66  9:17  Marine x2  
  66  9:18  Marine x2, SCV  
  66  9:21  Starport Reactor  
  66  9:22  Medivac x2  
  75  9:29  Armory  
  75  9:30  SCV  
  76  9:39  Missile Turret  
  76  9:44  Missile Turret, SCV  
  77  9:56  Orbital Command, SCV  
  78  10:01  Medivac  
  80  10:08  Supply Depot, SCV  
  81  10:15  Medivac  
  81  10:17  Medivac  
  85  10:23  SCV  
  86  10:28  SCV  
  86  10:30  SCV  
  86  10:35  SCV  
  89  10:41  SCV  
  90  10:45  Engineering Bay  
  90  10:54  Marine x2  
  90  10:56  Marauder  
  94  11:00  Marauder  
  94  11:03  Siege Tank  
  99  11:08  SCV  
  98  11:20  SCV  
  65  11:32  SCV  
Show
View Real Time Build Order
Export as new Build Order

MattBarry Terran - Winner!

Build Orders: Mech 

Get SALT Encoding   

  12  0:00  SCV  
  13  0:12  SCV  
  14  0:19  Supply Depot  
  14  0:24  SCV  
  15  0:41  SCV  
  16  0:47  Barracks, Refinery  
  16  0:53  SCV  
  17  1:05  SCV  
  18  1:17  SCV  
  19  1:29  SCV  
  20  1:38  Reaper  
  21  1:41  Orbital Command  
  21  1:46  Command Center  
  21  2:00  Supply Depot  
  21  2:10  SCV  
  21  2:11  Barracks Reactor  
  22  2:27  Factory  
  22  2:29  SCV  
  23  2:33  Refinery  
  23  2:41  SCV  
  24  2:48  Marine  
  24  2:49  Marine  
  26  2:53  SCV  
  28  3:05  SCV  
  28  3:06  Marine x2  
  29  3:14  Orbital Command  
  29  3:17  Widow Mine, SCV  
  29  3:19  Starport  
  32  3:29  SCV  
  32  3:30  Supply Depot  
  33  3:36  Refinery  
  33  3:47  Hellion x2  
  37  3:49  SCV x2  
  37  3:53  Supply Depot  
  39  3:55  Engineering Bay  
  39  3:58  Armory  
  39  4:00  Starport Reactor  
  39  4:01  SCV x2  
  41  4:13  SCV x2  
  41  4:16  Hellion x2  
  47  4:25  SCV x2  
  49  4:32  Supply Depot  
  49  4:37  SCV x2  
  51  4:49  SCV x2  
  51  4:50  Medivac  
  51  4:51  Medivac  
  51  4:52  Hellion x2  
  61  4:55  Factory  
  61  5:01  SCV x2  
  61  5:04  Supply Depot  
  61  5:05  Supply Depot  
  63  5:07  Refinery  
  63  5:13  SCV x2  
  65  5:25  SCV x2  
  65  5:47  SCV x2  
  71  5:50  Hellion x2  
  71  5:56  Liberator x2  
  77  5:57  Factory Tech Lab  
  77  5:58  Factory  
  77  6:00  Terran Vehicle Weapons Level 1  
  77  6:05  SCV x2  
  79  6:15  Command Center  
  79  6:16  Supply Depot  
  79  6:17  Supply Depot, Widow Mine x2, SCV x2  
  85  6:20  Supply Depot  
  85  6:24  Infernal Pre-Igniter  
  85  6:30  Siege Tank  
  88  6:45  SCV x2  
  67  7:41  Orbital Command  
  67  7:44  SCV x2  
  67  7:51  Armory  
  67  7:53  Factory Tech Lab  
  67  7:55  Siege Tank  
  67  7:56  SCV, Hellion x2  
  75  8:04  Refinery  
  75  8:05  SCV  
  75  8:06  Refinery  
  75  8:08  SCV  
  77  8:18  SCV  
  77  8:19  Siege Tank  
  81  8:20  Hellion x2  
  81  8:21  Liberator x2  
  81  8:26  Terran Vehicle Weapons Level 2  
  91  8:36  Siege Tank  
  94  8:42  Hellion x2  
  94  8:46  SCV x2  
  94  8:47  SCV  
  101  8:52  Siege Tank  
  104  8:55  Terran Vehicle And Ship Armor Level 1  
  104  9:03  Hellion x2  
  104  9:08  Siege Tank  
  111  9:10  Supply Depot  
  111  9:12  Supply Depot x2  
  111  9:24  Liberator x2, Siege Tank  
  120  10:02  Command Center  
  110  10:39  Siege Tank x2, Hellion x2  
  120  11:05  Factory x2  
  120  11:09  Hellion x2  
  124  11:11  Liberator x2, Siege Tank x2  
  136  11:29  Refinery  
  136  11:30  Orbital Command, Refinery  
  136  12:04  Thor x2  
  136  12:06  Hellion x2  
  148  12:38  Hellion x2  
  148  12:40  Factory Tech Lab x2  
  146  12:55  Command Center  
Show
View Real Time Build Order
Export as new Build Order

Alebay Protoss - Winner!

Build Orders: 1 Gate Expand 

Get SALT Encoding   

  12  0:00  Probe  
  13  0:12  Probe  
  14  0:19  Pylon  
  14  0:24  Probe  
  15  0:38  Gateway  
  15  0:40  Probe  
  16  0:46  Assimilator  
  16  0:54  Probe  
  17  1:06  Probe  
  18  1:19  Probe  
  19  1:31  Probe  
  20  1:36  Nexus  
  20  1:43  Cybernetics Core, Probe  
  20  1:46  Assimilator  
  21  1:54  Pylon  
  21  1:57  Probe  
  22  2:10  Probe  
  23  2:23  Probe  
  23  2:27  Pylon  
  24  2:32  Warp Gate (Chrono Boost)  
  24  2:33  Stalker (Chrono Boost)  
  26  2:42  Probe  
  27  2:48  Robotics Facility  
  27  2:50  Probe  
  28  2:57  Probe  
  29  2:59  Stalker  
  29  3:02  Probe  
  32  3:11  Pylon  
  32  3:13  Forge  
  32  3:14  Probe  
  32  3:15  Probe  
  34  3:27  Robotics Facility  
  34  3:30  Probe x2  
  38  3:41  Stalker  
  38  3:43  Probe x2  
  40  3:53  Pylon  
  40  3:54  Protoss Ground Weapons Level 1 (Chrono Boost)  
  40  4:02  Immortal  
  44  4:03  Probe x2  
  44  4:08  Photon Cannon  
  46  4:15  Probe  
  46  4:16  Probe  
  48  4:19  Assimilator  
  48  4:21  Photon Cannon  
  48  4:30  Probe x2  
  50  4:32  Assimilator  
  50  4:36  Photon Cannon  
  50  4:40  Photon Cannon  
  50  4:44  Stalker  
  52  4:46  Probe  
  52  4:47  Probe  
  54  5:01  Pylon  
  54  5:04  Gateway, Pylon  
  54  5:06  Gateway  
  54  5:08  Stalker  
  56  5:20  Probe x2  
  58  5:33  Protoss Ground Armor Level 1 (Chrono Boost)  
  58  5:35  Stalker  
  60  5:40  Immortal x2  
  68  5:59  Nexus  
  68  6:00  Stalker x2  
  72  6:13  Stalker  
  74  6:19  Immortal  
  74  6:24  Immortal  
  82  6:27  Probe x2  
  82  6:31  Stalker  
  86  6:40  Pylon  
  86  6:42  Pylon  
  86  7:03  Twilight Council, Probe x2  
  86  7:04  Protoss Shields Level 1 (Chrono Boost)  
  86  7:06  Stalker x3  
  92  7:28  Immortal x2  
  92  7:29  Stalker x2  
  104  7:30  Stalker  
  104  7:31  Probe x2  
  104  7:32  Probe  
  109  7:37  Assimilator  
  109  7:39  Blink (Chrono Boost)  
  109  7:40  Pylon  
  109  7:43  Pylon  
  109  7:46  Assimilator  
  109  7:56  Gateway  
  109  7:58  Gateway  
  109  8:05  Probe x3  
  112  8:06  Stalker x3  
  118  8:38  Probe x3  
  118  8:41  Stalker x3  
  123  8:42  Protoss Ground Weapons Level 2 (Chrono Boost)  
  123  8:43  Immortal  
  131  8:50  Pylon  
  131  8:52  Pylon  
  131  8:54  Pylon  
  131  8:57  Pylon  
  131  9:08  Immortal  
  135  9:12  Stalker  
  135  9:13  Stalker x4  
  145  9:25  Immortal  
  149  9:34  Probe x3  
  152  9:41  Pylon  
  152  9:44  Pylon  
  152  9:47  Immortal  
  156  10:05  Stalker x5  
  166  10:23  Immortal  
  166  10:27  Immortal  
  158  10:44  Stalker x3  
  158  10:45  Stalker x2  
  168  10:57  Pylon  
  168  10:59  Pylon  
  168  11:00  Pylon  
  168  11:02  Pylon  
  168  11:03  Immortal  
  168  11:04  Pylon  
  172  11:06  Immortal  
  112  11:53  Stalker x3  
  112  11:54  Stalker x2  
Show
View Real Time Build Order
Export as new Build Order

MattBarry Zerg - Winner!

Build Orders: Pool First 

Get SALT Encoding   

  12  0:00  Drone  
  13  0:11  Drone  
  14  0:24  Drone, Extractor  
  14  0:32  Drone, Extractor  
  15  0:43  Overlord  
  15  0:49  Spawning Pool  
  14  0:58  Drone, Extractor  
  15  1:06  Drone  
  15  1:08  Drone  
  17  1:19  Drone  
  18  1:26  Drone  
  19  1:38  Hatchery  
  18  1:47  Queen  
  18  1:51  Drone  
  21  1:56  Extractor  
  20  2:05  Drone x2  
  22  2:12  Overlord  
  22  2:18  Extractor  
  22  2:19  Drone  
  22  2:24  Lair  
  22  2:38  Drone x2  
  24  2:51  Drone  
  25  3:04  Drone x2  
  27  3:15  Drone  
  27  3:16  Drone  
  29  3:22  Drone x2  
  29  3:25  Hatchery  
  30  3:36  Spire  
  29  3:48  Spire  
  29  3:51  Drone  
  29  3:53  Drone  
  30  3:57  Drone  
  31  4:07  Drone  
  32  4:10  Drone x2  
  34  4:18  Drone  
  34  4:19  Drone, Extractor  
  34  4:20  Drone  
  36  4:25  Overlord  
  36  4:40  Extractor, Drone x5  
  41  4:47  Overlord  
  41  4:48  Mutalisk  
  43  4:54  Mutalisk x2  
  47  5:15  Overlord  
  47  5:17  Mutalisk  
  49  5:31  Zerg Flyer Weapons Level 1  
  49  5:33  Overlord  
  49  5:34  Mutalisk x4  
  57  5:53  Extractor  
  56  5:58  Mutalisk x2  
  60  6:07  Drone x2  
  62  6:12  Mutalisk  
  62  6:13  Extractor  
  62  6:15  Overlord  
  63  6:24  Mutalisk  
  61  6:51  Mutalisk x2  
  61  6:52  Mutalisk  
  67  7:04  Mutalisk  
  69  7:11  Overlord  
  69  7:12  Overlord  
  65  7:29  Zerg Flyer Armor Level 1  
  65  7:30  Mutalisk  
  67  7:42  Mutalisk  
  69  7:46  Mutalisk  
  71  7:51  Mutalisk  
  69  8:06  Mutalisk  
  69  8:07  Mutalisk  
  69  8:11  Mutalisk  
  71  8:21  Drone  
  71  8:22  Drone x2  
  71  8:24  Mutalisk x2  
  78  8:36  Zerg Flyer Weapons Level 2  
  68  9:07  Mutalisk x5  
  76  9:24  Mutalisk  
  76  9:25  Mutalisk x2  
  76  9:30  Queen  
  76  9:31  Zergling x4  
  86  9:41  Mutalisk x2  
  90  9:46  Overlord  
  90  9:47  Overlord  
  90  10:06  Mutalisk x4  
  98  10:19  Mutalisk x2  
  78  10:30  Mutalisk x2  
  78  10:35  Mutalisk  
  82  10:46  Mutalisk  
  82  10:47  Mutalisk  
  86  11:04  Mutalisk x2  
  86  11:05  Mutalisk  
  86  11:10  Mutalisk  
  94  11:23  Hatchery  
  93  11:26  Mutalisk x2  
  93  11:31  Hatchery  
  96  11:32  Extractor  
  96  11:33  Extractor  
  96  11:36  Mutalisk  
  96  11:37  Mutalisk, Extractor  
  96  11:39  Extractor  
  95  11:44  Mutalisk  
  92  11:59  Mutalisk x3  
  96  12:09  Mutalisk  
  92  12:30  Mutalisk x4  
Tags
 
Add a new tag
Caveats
  • Supply blocks, unpowered buildings, or Contaminate may cause inaccurate times.
  • Supply counts are checked every 10 seconds.